AoeStats
← 宮古島

Arena

506536550Analyzed
2v2 RM · 20d ago on Sep 13, 2026· 13m 32s· 4 players
Game mode
Random Map
Map size
Medium (4 player)
Population
200
Speed
Normal
Resources
Standard
Victory
Conquest
Starting age
Dark Age
Ending age
Imperial Age
RankedLock teamsTeams togetherTeam positionsShared explorationLock speedFull tech treeHidden civsTurbo modeCheats
Victory
Defeat
🇸🇬 Armenians · Singapore
1768
+12
🇸🇬 Cumans · Singapore
1766
+12
🇦🇷 Bengalis · Argentina
1701
-13
🇦🇷 Spanish · Argentina
1651
-11
EDM Martirena
10:47 Feudal Age
11:27 Loom
15:28 Castle Age
ROCKMAN 4
5:56 Loom
6:45 Loom
8:58 Feudal Age
9:24 Double-Bit Axe
9:32 Horse Collar
executable
6:07 Loom
9:27 Feudal Age
宮古島
6:12 Loom
9:56 Feudal Age
10:32 Man-at-Arms
11:49 Long Swordsman
Connection lost

Rejoining the realm…

Still unreachable

The connection could not be restored.

Session expired

The server has moved on; the page needs a fresh start.